 Dungeon Crawl Stone Soup version 0.30.1-9-gdf580d7c3d (webtiles) character file.

Game seed: 892046917438503149

4011 arthad the Ogre Mage (level 10, -2/96 HPs)
             Began as an Ogre Fire Elementalist on Oct 12, 2023.
             Was an Initiate of Vehumet.
             Slain by a yak (6 damage)
             ... on level 8 of the Dungeon.
             The game lasted 00:19:15 (7026 turns).

arthad the Ogre Mage (Ogre Fire Elementalist)       Turns: 7026, Time: 00:19:15

Health: -2/96      AC:  5    Str: 14    XL:     10   Next: 23%
Magic:  11/21      EV: 10    Int: 20    God:    Vehumet [......]
Gold:   222        SH:  0    Dex:  9    Spells: 13/24 levels left

rFire   + . .        H - staff of fire
rCold   . . .        (no shield)
rNeg    . . .        o - +2 robe {Archmagi}
rPois   .            (helmet restricted)
rElec   .            (no cloak)
rCorr   .            (gloves unavailable)
SInv    .            (boots unavailable)
Will    +....        c - amulet of magic regeneration
Stlth   ++           (no ring)
HPRegen 0.36/turn    (no ring)
MPRegen 0.57/turn

%: archmagi
@: slowed, very slow
A: large, unfitting armour, tough skin 1
a: Renounce Religion


You were on level 8 of the Dungeon.
You worshipped Vehumet.
Vehumet was noncommittal.
You visited 2 branches of the dungeon, and saw 9 of its levels.

You collected 430 gold pieces.
You spent 208 gold pieces at shops.

Inventory:

Hand Weapons
 u - a +2 whip of flaming
 y - a +0 giant club
 D - a +2 shortbow of freezing
Missiles
 e - 10 poisoned darts
 n - 3 silver javelins
 B - 5 boomerangs
Armour
 a - a +0 robe
 o - a +2 robe of the Archmagi (worn)
 w - a +0 buckler
 A - the +2 robe of the Rescuing Gods {rPois Str+4}
   (You found it on level 5 of the Dungeon)

   Str:       It affects your strength (+4).
   rPois:     It protects you from poison.
Magical Staves
 H - a staff of fire (weapon)
Jewellery
 c - an amulet of magic regeneration (around neck)
Wands
 q - a wand of mindburst (20)
 E - a wand of charming (9)
Scrolls
 i - 2 scrolls of blinking
 j - a scroll of fog
 k - 3 scrolls of enchant armour
 l - 2 scrolls of immolation
 p - a scroll of brand weapon
 r - 3 scrolls of noise
 x - a scroll of silence {unknown}
 F - a scroll of amnesia {unknown}
Potions
 b - 3 potions of magic
 d - 4 potions of curing
 f - 6 potions of lignification
 g - a potion of attraction
 h - a potion of degeneration {unknown}
 m - 3 potions of mutation
 s - 3 potions of resistance
 t - 6 potions of heal wounds
 v - 2 potions of haste
 z - a potion of berserk rage {unknown}
 C - a potion of brilliance {unknown}
 G - 2 potions of might {unknown}


   Skills:
 + Level 5.4 Fighting
 + Level 4.6 Dodging
 + Level 4.1 Stealth
 * Level 7.5 Spellcasting
 * Level 5.9 Conjurations
 * Level 6.5 Fire Magic
 + Level 3.8 Earth Magic


You had 13 spell levels left.
You knew the following spells:

 Your Spells              Type           Power      Damage    Failure   Level
a - Foxfire               Conj/Fire      100%       2x1d9     1%          1
b - Scorch                Fire           100%       2d9       1%          2
c - Sandblast             Erth           68%        2d15      1%          1
d - Flame Wave            Conj/Fire      64%        2d15      7%          4
e - Stone Arrow           Conj/Erth      80%        3d12      3%          3

Your spell library contained the following spells:

 Spells                   Type           Power      Damage    Failure   Level
 Passwall                 Tmut/Erth      18%        N/A       6%          2
 Inner Flame              Hex/Fire       46%        N/A       7%          3
 Volatile Blastmotes      Fire/Tloc      92%        2d17      7%          3
 Beastly Appendage        Tmut           22%        N/A       9%          1
 Necrotise                Necr           44%        1d6       9%          1
 Wereblood                Tmut           11%        N/A       14%         2
 Spider Form              Tmut/Pois      11%        N/A       26%         3
 Vampiric Draining        Necr           11%        2d6       26%         3
 Animate Dead             Necr           11%        N/A       65%         4
 Agony                    Necr           11%        N/A       94%         5
 Haunt                    Necr/Summ      5%         N/A       100%        7
 Infestation              Necr           5%         N/A       100%        8


Dungeon Overview and Level Annotations

Branches:
Dungeon (8/15)             Temple (1/1) D:7
   Lair: D:8-11

Altars:
Cheibriados
Dithmenos
Elyvilon
Fedhas
Gozag
Kikubaaqudgha
Nemelex Xobeh
Qazlal
Ru
Sif Muna
Uskayaw
Vehumet
Wu Jian
Xom
Yredelemnul
The Shining One

Shops:
D:5 (!   D:6 *   D:7 :

Annotations:
D:8 Maggie


Innate Abilities, Weirdness & Mutations

You are too large for most types of armour.
You have tough skin. (AC +1)


Message History

Casting: Flame Wave (dangerous; 8% risk of failure)
Confirm with . or Enter, or press ? or * to list all spells.
Casting: Flame Wave (dangerous; 8% risk of failure)
Press: ? - help, Dir - look around, f - activate You feel a strong surge of power!
A wave of flame ripples out!
The flame wave engulfs the yak!!
The yak is heavily wounded.
The flame wave engulfs the yak!
The yak is lightly wounded.
The flame wave engulfs Erica!!
Erica is almost dead. (Press . to intensify the flame waves.)
The yak gores you! The yak closely misses you. The yak gores you! x2
Erica hits you with a +3 scimitar of flaming!
A wave of flame ripples out!
The flame wave engulfs the yak.
The yak is heavily wounded.
The flame wave engulfs Erica.
You kill Erica!
Vehumet accepts your kill.
The flame wave engulfs the yak!!
The yak is severely wounded.
The flame wave engulfs Maggie!
Maggie is moderately wounded.
The yak barely misses you. Maggie closely misses you.
The yak closely misses you.
A wave of flame ripples out!
The flame wave engulfs the yak.
The yak is severely wounded.
The flame wave engulfs the yak!
The yak is almost dead.
The flame wave engulfs Maggie.
Maggie is moderately wounded.
You finish channelling waves of flame.
The yak gores you. Maggie hits you with a +0 war axe!
* * * LOW HITPOINT WARNING * * *
The yak gores you.
* * * LOW HITPOINT WARNING * * *
The yak gores you!
* * * LOW HITPOINT WARNING * * *
The yak gores you.
You die...

#### ..# #.#############
##.##..........## #
#..........##...#####...
#.).#.####.##..@).....#
#.#.#.###.....YY@.#####
##))††...............#
.......###.......†.#.#
.#.#.### ##.##....## ..
.#.#.# #.##.....# ##
...... #.###.....#
##..... ... .......
###.##. ##..##...##.


You could see Maggie and 2 yaks.

Vanquished Creatures
  Erica (D:8)
  Pikel (D:4)
  Prince Ribbit (D:8)
  3 yaks (D:8)
  An acid dragon (D:6)
  A water moccasin (D:6)
  An orc warrior (D:8)
  A sky beast (D:6)
  A black bear (D:6)
  2 ice beasts
  2 ogres
  2 centaurs
  2 phantoms
  A bullfrog (D:7)
  5 wights (D:7)
  3 howler monkeys (D:7)
  2 hounds
  A gnoll bouda (D:6)
  2 jellies
  An orc priest (D:8)
  Jessica (D:3)
  A sleepcap (D:5)
  Terence (D:2)
  Natasha (D:3)
  2 iguanas
  6 orc wizards
  A scorpion zombie (D:4)
  2 hound zombies (D:4)
  A hound skeleton (D:4)
  10 adders
  4 gnolls (D:6)
  3 shadow imps
  A white imp (D:5)
  2 ufetubi
  2 adder zombies (D:4)
  An adder skeleton (D:4)
  4 worms
  2 dart slugs (D:1)
  3 orcs
  5 ball pythons
  11 endoplasms
  8 giant cockroaches
  9 goblins
  5 hobgoblins
  7 jackals (D:1)
  9 kobolds
  3 quokkas
  5 bats
  4 frilled lizards
  11 rats
159 creatures vanquished.

Vanquished Creatures (collateral kills)
  A foxfire (D:4)
1 creature vanquished.

Vanquished Creatures (others)
  512 foxfires
512 creatures vanquished.

Grand Total: 672 creatures vanquished

Notes
Turn   | Place    | Note
-------+----------+-------------------------------------------
     0 | D:1      | arthad the Ogre Fire Elementalist began the quest for the
                  | Orb.
     0 | D:1      | Reached XP level 1. HP: 16/16 MP: 3/3
   107 | D:1      | Reached skill level 1 in Conjurations
   347 | D:1      | Reached XP level 2. HP: 24/24 MP: 3/5
   601 | D:1      | Reached XP level 3. HP: 30/31 MP: 1/7
  1322 | D:2      | Reached skill level 3 in Spellcasting
  1322 | D:2      | Reached XP level 4. HP: 37/39 MP: 5/8
  1613 | D:2      | Found a faded altar of an unknown god.
  1810 | D:2      | Learned a level 2 spell: Scorch
  1812 | D:2      | Learned a level 1 spell: Sandblast
  1817 | D:2      | Learned a level 4 spell: Flame Wave
  1903 | D:2      | Noticed Terence
  1910 | D:2      | Killed Terence
  2157 | D:3      | Noticed Jessica
  2160 | D:3      | Killed Jessica
  2161 | D:3      | Reached XP level 5. HP: 46/46 MP: 5/9
  2331 | D:3      | Reached skill level 1 in Fighting
  2602 | D:3      | Noticed Natasha
  2605 | D:3      | Killed Natasha
  2929 | D:4      | Noticed a phantom
  2935 | D:4      | Killed a phantom
  2936 | D:4      | Reached XP level 6. HP: 55/55 MP: 4/11
  2960 | D:4      | Found a glowing golden altar of the Shining One.
  3056 | D:4      | Reached skill level 1 in Earth Magic
  3077 | D:4      | Reached skill level 4 in Spellcasting
  3230 | D:4      | Noticed Pikel
  3245 | D:4      | Killed Pikel
  3246 | D:4      | Reached XP level 7. HP: 66/66 MP: 9/14
  3246 | D:4      | Reached XP level 8. HP: 74/74 MP: 9/15
  3636 | D:5      | Entered Level 5 of the Dungeon
  3734 | D:5      | Reached skill level 5 in Spellcasting
  3791 | D:5      | Identified the +2 robe of the Rescuing Gods {rPois Str+4}
  4000 | D:5      | Found Kene's Weapon Boutique.
  4260 | D:5      | Found Togahep's Distillery.
  4268 | D:5      | Bought a potion of heal wounds for 65 gold pieces
  4268 | D:5      | Bought a potion of heal wounds for 65 gold pieces
  4268 | D:5      | Bought 2 potions of curing for 78 gold pieces
  4487 | D:6      | Found Hiloiz's Mayhem Merchandise.
  4848 | D:6      | Found a shimmering altar of Xom.
  4849 | D:6      | Found a shimmering altar of Xom.
  4849 | D:6      | Found a shimmering altar of Xom.
  4850 | D:6      | Found a shimmering altar of Xom.
  4858 | D:6      | Found a shimmering altar of Xom.
  4867 | D:6      | Found a shimmering altar of Xom.
  4983 | D:6      | Reached skill level 5 in Fire Magic
  4994 | D:6      | Reached XP level 9. HP: 39/84 MP: 5/17
  5523 | D:7      | Reached skill level 6 in Spellcasting
  5655 | D:7      | Found Gobruonoll's Tiny Tomes.
  6192 | D:7      | Reached skill level 5 in Conjurations
  6363 | D:7      | Found a staircase to the Ecumenical Temple.
  6505 | Temple   | Entered the Ecumenical Temple
  6540 | Temple   | Became a worshipper of Vehumet
  6650 | D:7      | Found a shimmering blue altar of Sif Muna.
  6862 | D:8      | Noticed Prince Ribbit
  6868 | D:8      | Killed Prince Ribbit
  6873 | D:8      | Learned a level 3 spell: Stone Arrow
  6950 | D:8      | Reached skill level 5 in Fighting
  6950 | D:8      | Reached skill level 7 in Spellcasting
  6955 | D:8      | Reached XP level 10. HP: 82/96 MP: 1/20
  7008 | D:8      | Noticed Erica
  7021 | D:8      | Noticed Maggie
  7025 | D:8      | Killed Erica
  7026 | D:8      | HP: 4/96 [yak (16)]
  7026 | D:8      | Slain by a yak

Illustrated notes

Levels and vault maps discovered:
D:1:      dpeg_arrival_renting, layout_basic
D:2:      kennysheep_big_flooded_room, layout_rooms,
          ebering_ecumenical_altar_rust, kennysheep_generic_room_7, uniq_terence
D:3:      layout_basic, uniq_natasha, uniq_jessica
D:4:      layout_loops_ring, lemuel_round_altar, serial_undead, serial_undead_f,
          serial_undead_f, serial_undead_e, serial_undead_d, uniq_pikel
D:5:      layout_gridville, serial_shops, shop_fountains,
          kennysheep_windowed_goal
D:6:      layout_gridville, xom_redecorated, minmay_shop_mayhem
D:7:      layout_basic, tgw_sif, minmay_temple_entry_drinking_statues,
          nicolae_shop_i_like_small_books_too
D:8:      layout_loops_ring, okawaru_gym_becter, uniq_prince_ribbit1,
          uniq_maggie, uniq_erica
Temple:   nicolae_temple_ecumenical_triangle

Skill      XL: |  1  2  3  4  5  6  7  8  9 10 |
---------------+-------------------------------+-----
Conjurations   | 1 2 3 4 5 |  5.9
Dodging        | 2 3 4 |  4.6
Fire Magic     | 3 4 5 6 |  6.5
Stealth        | 2 3 4 |  4.1
Spellcasting   | 3 4 5 7 |  7.5
Fighting       | 1 2 3 5 |  5.4
Earth Magic    | 1 2 3 |  3.8

Action                     |  1- 3 |  4- 6 |  7- 9 | 10-12 || total
---------------------------+-------+-------+-------+-------++-------
  Melee: Unarmed           |    47 |    25 |     1 |       ||    73
         Punch             |     1 |       |       |       ||     1
   Cast: Foxfire           |    47 |   104 |   136 |     5 ||   292
         Scorch            |       |    16 |    42 |     2 ||    60
         Flame Wave        |       |       |     6 |     2 ||     8
    Use: Potion            |     1 |       |     2 |     1 ||     4
         Scroll            |       |       |    11 |       ||    11
 Armour: Robe              |    18 |    19 |    12 |       ||    49
  Dodge: Dodged            |    29 |    27 |    26 |     6 ||    88
